 Dungeon Crawl Stone Soup version 0.28-a0-1415-g7c84da036a (webtiles) character file.

Game seed: 12329683568406047627

54 zap2161 the Ducker (level 3, -1/31 HPs)
             Began as a Gnoll Gladiator on Jan 7, 2022.
             Slain by a goblin (3 damage)
             ... on level 1 of the Dungeon.
             The game lasted 00:07:59 (625 turns).

zap2161 the Ducker (Gnoll Gladiator)                 Turns: 625, Time: 00:07:59

Health: -1/31      AC:  4    Str: 13    XL:     3   Next: 91%
Magic:  4/4        EV: 14    Int:  7    God:
Gold:   28         SH:  0    Dex: 15    Spells: 4/4 levels left

rFire   . . .      SeeInvis .   j - staff of death
rCold   . . .      Faith    .   (no shield)
rNeg    + . .      Spirit   .   b - +0 leather armour
rPois   .          Reflect  .   c - +0 helmet
rElec   .          Harm     .   f - scarf {repulsion}
rCorr   .          Rampage  .   (no gloves)
Will    .....                   (no boots)
Stlth   +.........              (no amulet)
HPRegen 0.10/turn               (no ring)
MPRegen 0.09/turn               (no ring)

@: repel missiles
A: fangs 1, strong nose, distributed training
a: no special abilities


You were on level 1 of the Dungeon.
You visited 1 branch of the dungeon, and saw 2 of its levels.

You collected 28 gold pieces.

Inventory:

Hand Weapons
 a - a +0 long sword
 e - a +0 hunting sling
Missiles
 g - 3 stones (quivered)
Armour
 b - a +0 leather armour (worn)
 c - a +0 helmet (worn)
 f - a scarf of repulsion (worn)
 h - a +0 ring mail
Magical Staves
 j - a staff of death (weapon)
Scrolls
 i - a scroll of teleportation {unknown}


   Skills:
 + Level 4.6 Fighting
 + Level 1.0 Short Blades
 + Level 6.5 Long Blades
 + Level 1.0 Axes
 + Level 1.0 Maces & Flails
 + Level 1.0 Polearms
 + Level 1.0 Staves
 + Level 1.0 Slings
 + Level 1.0 Bows
 + Level 1.0 Crossbows
 + Level 4.6 Throwing
 + Level 1.0 Armour
 + Level 6.5 Dodging
 + Level 1.0 Stealth
 + Level 1.0 Shields
 + Level 1.0 Unarmed Combat
 + Level 1.0 Spellcasting
 + Level 0.7 Conjurations
 + Level 0.7 Hexes
 + Level 0.7 Summonings
 + Level 0.7 Necromancy
 + Level 0.7 Translocations
 + Level 0.7 Transmutations
 + Level 0.7 Fire Magic
 + Level 0.7 Ice Magic
 + Level 0.7 Air Magic
 + Level 0.7 Earth Magic
 + Level 0.7 Poison Magic
 + Level 1.0 Invocations
 + Level 1.0 Evocations


You had 4 spell levels left.
You didn't know any spells.
Your spell library was empty.

Dungeon Overview and Level Annotations

Branches:
Dungeon (2/15)

Altars:

Shops:
D:1 [


Innate Abilities, Weirdness & Mutations

You have very sharp teeth.
Your uncanny sense of smell can sniff out nearby items.
Your experience applies equally to all skills.


Message History

Press: ? - help, Dir - move target, f/p - dart slug
Aim: a dart slug (moderately wounded, entangled in a net, about 2% to evade your staff of death)
You hit the dart slug but do no damage.
The dart slug is moderately wounded.
Hit: j) staff of death
Press: ? - help, Dir - move target, f/p - dart slug
Aim: a dart slug (moderately wounded, entangled in a net, about 2% to evade your staff of death)
You hit the dart slug but do no damage.
The dart slug is moderately wounded.
Hit: j) staff of death
Press: ? - help, Dir - move target, f/p - dart slug
Aim: a dart slug (moderately wounded, entangled in a net, about 2% to evade your staff of death)
You hit the dart slug. You bite the dart slug.
The dart slug is severely wounded.
The dart slug struggles against the net.
Hit: j) staff of death
Press: ? - help, Dir - move target, f/p - dart slug
Aim: a dart slug (severely wounded, entangled in a net, about 2% to evade your staff of death)
You hit the dart slug.
You kill the dart slug!
Your library has no spells.
You don't know any spells.
You climb downwards.
The quokka barely misses you. The goblin closely misses you.
The quokka bites you.
* * * LOW HITPOINT WARNING * * *
The goblin barely misses you.
There is a stone staircase leading up here.
The quokka misses you. The goblin hits you with a +0 club.
* * * LOW HITPOINT WARNING * * *
You climb upwards.
There is a stone staircase leading down here.
Hit: j) staff of death
Press: ? - help, Dir - move target, f - goblin
Aim: a goblin, wielding a +0 club (about 42% to evade your staff of death)
You hit the goblin.
The goblin is severely wounded.
The quokka bites you.
* * * LOW HITPOINT WARNING * * *
The goblin hits you with a +0 club.
You die...

#.....####.###..#.#.
#.....# #.## ##...##
#.....# ##.###..###
#.....# ##.#.###
#.#.### ##..# #.#.#
#.##.. #.#.# ###.. #
###.#r#########.. ##
#...#@g......#.. ##.
#.#########.##.#
##.. #.# #.#..#
##... #.#####
#.#.####.... #.....#
#........... #####.#
###.####.... #.#
#..# ##... ##.##
##.## ##..
#...#######..## ##.


You could see a quokka and a goblin.

Vanquished Creatures
  Natasha (D:1)
  A gnoll (D:1)
  2 dart slugs (D:1)
  A bat (D:1)
  2 giant cockroaches (D:1)
  A hobgoblin (D:1)
  2 jackals (D:1)
  5 frilled lizards (D:1)
  A kobold (D:1)
  3 rats (D:1)
19 creatures vanquished.

Notes
Turn   | Place    | Note
-------+----------+-------------------------------------------
     0 | D:1      | zap2161 the Gnoll Gladiator began the quest for the Orb.
     0 | D:1      | Reached XP level 1. HP: 20/20 MP: 1/1
    28 | D:1      | Reached XP level 2. HP: 7/26 MP: 2/2
   225 | D:1      | Found Soifeaptahev's Antique Armour Shoppe.
   345 | D:1      | Reached XP level 3. HP: 27/31 MP: 3/3
   586 | D:2      | Noticed Natasha
   608 | D:1      | Killed Natasha
   609 | D:1      | Reached skill level 1 in Invocations
   611 | D:1      | Reached skill level 1 in Short Blades
   611 | D:1      | Reached skill level 1 in Axes
   611 | D:1      | Reached skill level 1 in Maces & Flails
   611 | D:1      | Reached skill level 1 in Polearms
   611 | D:1      | Reached skill level 1 in Staves
   611 | D:1      | Reached skill level 1 in Slings
   611 | D:1      | Reached skill level 1 in Bows
   611 | D:1      | Reached skill level 1 in Crossbows
   611 | D:1      | Reached skill level 1 in Armour
   611 | D:1      | Reached skill level 1 in Stealth
   611 | D:1      | Reached skill level 1 in Shields
   611 | D:1      | Reached skill level 1 in Unarmed Combat
   611 | D:1      | Reached skill level 1 in Spellcasting
   611 | D:1      | Reached skill level 1 in Evocations
   625 | D:1      | Slain by a goblin

Illustrated notes

Levels and vault maps discovered:
D:1:      dpeg_arrival_central, layout_loops_ring, serial_shops, shop
D:2:      layout_rooms, uniq_jessica, uniq_natasha, uniq_terence

Skill      XL: |  1  2  3 |
---------------+----------+-----
Invocations    | 1 |  1.0
Short Blades   | 1 |  1.0
Axes           | 1 |  1.0
Maces & Flails | 1 |  1.0
Polearms       | 1 |  1.0
Staves         | 1 |  1.0
Slings         | 1 |  1.0
Bows           | 1 |  1.0
Crossbows      | 1 |  1.0
Armour         | 1 |  1.0
Stealth        | 1 |  1.0
Shields        | 1 |  1.0
Unarmed Combat | 1 |  1.0
Spellcasting   | 1 |  1.0
Evocations     | 1 |  1.0
Fighting       | |  4.6
Long Blades    | |  6.5
Throwing       | |  4.6
Dodging        | |  6.5
Conjurations   | |  0.7
Hexes          | |  0.7
Summonings     | |  0.7
Necromancy     | |  0.7
Translocations | |  0.7
Transmutations | |  0.7
Fire Magic     | |  0.7
Ice Magic      | |  0.7
Air Magic      | |  0.7
Earth Magic    | |  0.7
Poison Magic   | |  0.7

Action                   || total
-------------------------++-------
Melee: Long sword        ||    37
       Bite              ||     6
       Staff             ||    19
 Fire: Hunting sling     ||     7
Throw: Throwing net      ||     6
 Stab: Held in net/web   ||     2
Armor: Leather armour    ||     9
Dodge: Dodged            ||    36
       Repelled          ||     3

Table legend: (Time is in decaauts)
 A = Elapsed time spent in this place.
 B = Non-inter-level travel time spent in this place.
 C = Inter-level travel time spent in this place.
 D = Time resting spent in this place.
 E = Time spent auto-exploring this place.
 F = Levels seen in this place.
 G = Mean time per level.
                   A        B        C        D        E       F      G
               +--------+--------+--------+--------+--------+-----+--------+
         Total |    629 |    629 |      0 |      0 |      0 |   2 |  314.5 |
       Dungeon |    629 |    629 |      0 |      0 |      0 |   2 |  314.5 |
               +--------+--------+--------+--------+--------+-----+--------+

Top non-repeatable levels by time:
     D:1: 608 daAuts
     D:2: 20 daAuts
